 Dungeon Crawl Stone Soup version 0.22-a0-113-gdd6f4a9 (webtiles) character file.

819 sankara the Covert (level 7, 0/52 HPs)
             Began as a Vampire Assassin on Jan 28, 2018.
             Succumbed to a worker ant's poison
             ... on level 5 of the Dungeon.
             The game lasted 00:22:15 (7884 turns).

sankara the Covert (Vampire Assassin)               Turns: 7884, Time: 00:22:17

Health: 0/52       AC:  3    Str: 10    XL:     7   Next: 63%
Magic:  7/7        EV: 14    Int: 13    God:
Gold:   135        SH:  0    Dex: 18    Spells: 6/6 levels left

rFire    . . .     SeeInvis +   c - +0 blowgun
rCold    + . .     Gourm    .   (no shield)
rNeg     + + .     Faith    .   i - +0 robe
rPois    +         Spirit   .   (no helmet)
rElec    .         Reflect  .   g - +0 cloak
rCorr    .         Harm     .   (no gloves)
MR       .....                  (no boots)
Stlth    ++++++....             (no amulet)
HPRegen  0.08/turn              (no ring)
MPRegen  0.10/turn              (no ring)

@: lethally poisoned (0 -> -10), regenerating slowly
A: fangs 3, see invisible, unbreathing
a: Bat Form


You were on level 5 of the Dungeon.
You were near bloodless.

You visited 1 branch of the dungeon, and saw 5 of its levels.

You collected 135 gold pieces.

Inventory:

Hand Weapons
 a - a +2 dagger
 b - a +0 hunting sling
 c - a +0 blowgun (weapon)
Missiles
 e - 24 poisoned needles (quivered)
 f - 2 curare-tipped needles
 j - 189 stones
 l - 14 sling bullets
Armour
 g - a +0 cloak (worn)
 i - a +0 robe (worn)
Jewellery
 h - a +3 ring of slaying {unknown}
 n - an uncursed ring of fire
Scrolls
 p - 4 scrolls of teleportation
 r - a scroll of remove curse {unknown}
 s - 2 scrolls of identify {unknown}
 t - a scroll of magic mapping {unknown}
Potions
 d - 10 potions of blood
 k - a potion of ambrosia


   Skills:
 + Level 3.5 Fighting
 - Level 2.1 Short Blades
 + Level 4.3 Throwing
 + Level 3.8 Dodging
 + Level 9.7 Stealth


You had 6 spell levels left.
You didn't know any spells.

Dungeon Overview and Level Annotations

Branches:
Dungeon (5/15)
 Temple: D:4-7

Altars:
Cheibriados
Gozag
Kikubaaqudgha
Makhleb
Nemelex Xobeh

Annotations:
D:4 Ijyb


Innate Abilities, Weirdness & Mutations

You heal slowly.
You have razor-sharp teeth.
You have supernaturally acute eyesight. (SInv)
You can survive without breathing.


Message History

The ogre is moderately wounded.
The worker ant closely misses you.
Firing (i - inventory. (,) - cycle):
e - 26 poisoned needles (quivered)
Press: ? - help, Shift-Dir - straight line, f/p - ogre
Aim: an ogre, wielding a giant club (heavily wounded, poisoned)
You shoot a poisoned needle.
The poisoned needle closely misses the worker ant.
The poisoned needle barely misses the ogre.
The worker ant bites you.
* * * LOW HITPOINT WARNING * * *
You are lethally poisoned!
The worker ant poisons you!
Firing (i - inventory. (,) - cycle):
e - 25 poisoned needles (quivered)
Press: ? - help, Shift-Dir - straight line, f/p - ogre
Aim: an ogre, wielding a giant club (heavily wounded, poisoned)
You shoot a poisoned needle.
The poisoned needle hits the worker ant.
The worker ant is poisoned.
The worker ant is severely wounded.
You die...

#####.# #).#
##.....## ##)#
##.......## #.#
.##.....##..## #.#
..(....(O....####.#
##.....##!.......#
#........#.######
#....<...#.#
#.##..#.##@#
#......(Oa.#
######...### #...#
#...# #.... #...##
..... >......


You could see an ogre and a worker ant.

Vanquished Creatures
  2 ogres (D:4)
  Blork the orc (D:4)
  A vampire bat (D:4)
  A howler monkey (D:4)
  A hound (D:3)
  2 orc priests (D:3)
  3 orc wizards (D:5)
  An iguana (D:4)
  3 worker ants
  3 gnolls (D:4)
  4 adders
  A shadow imp (D:4)
  A worm (D:2)
  A dart slug (D:1)
  3 fire bats (D:4)
  3 leopard geckos
  12 orcs
  2 spectral bats (D:4)
  3 bat skeletons (D:4)
  A bat zombie (D:4)
  2 giant cockroaches
  6 goblins
  8 hobgoblins
  9 jackals
  3 kobolds
  2 quokkas (D:3)
  A ball python skeleton (D:4)
  16 bats
  A bat simulacrum (D:4)
  4 frilled lizards
  7 rats
108 creatures vanquished.

Notes
Turn   | Place    | Note
-------+----------+-------------------------------------------
     0 | D:1      | sankara the Vampire Assassin began the quest for the Orb.
     0 | D:1      | Reached XP level 1. HP: 16/16 MP: 1/1
    91 | D:1      | Reached skill level 6 in Stealth
   222 | D:1      | Reached XP level 2. HP: 8/22 MP: 2/2
  1204 | D:2      | Reached XP level 3. HP: 27/27 MP: 3/3
  1397 | D:2      | Found a burning altar of Makhleb.
  1399 | D:2      | Noticed an Executioner
  1425 | D:2      | Found a faded altar of an unknown god.
  1517 | D:2      | Reached skill level 7 in Stealth
  1740 | D:2      | HP: 1/27 [poisoned by an adder]
  2091 | D:2      | Found a sparkling altar of Nemelex Xobeh.
  2167 | D:2      | Reached XP level 4. HP: 26/33 MP: 4/4
  2772 | D:3      | Found an ancient bone altar of Kikubaaqudgha.
  2987 | D:3      | Reached skill level 8 in Stealth
  2987 | D:3      | Reached XP level 5. HP: 20/38 MP: 5/5
  4055 | D:4      | Noticed an ogre
  4058 | D:4      | Noticed an ogre
  4177 | D:4      | Reached XP level 6. HP: 13/45 MP: 6/6
  4669 | D:4      | Noticed Ijyb
  4780 | D:4      | Noticed Blork the orc
  4816 | D:4      | Killed Blork the orc
  4816 | D:4      | Reached skill level 9 in Stealth
  5865 | D:4      | Found a snail-covered altar of Cheibriados.
  5895 | D:4      | Reached XP level 7. HP: 52/52 MP: 7/7
  7555 | D:4      | Found an opulent altar of Gozag.
  7750 | D:5      | Entered Level 5 of the Dungeon
  7883 | D:5      | HP: 1/52 [worker ant (6)]
  7884 | D:5      | Succumbed to a worker ant's poison

Vault maps used:
D:1:      saegor_arrival_simple_c, minmay_tetromino_i2
D:2:      makhleb_altar_promises_db, nemelex_xobeh_ov_fountains_minmay,
          chequers_ecumenical_altar_simple
D:3:      kiku_gazebo_garden_becter, first_ration
D:4:      lemuel_round_altar, grunt_gozag_statues, goddamned_bats, uniq_ijyb,
          uniq_blork_the_orc
D:5:      yredelemnul_forgotten_temple_becter

Skill      XL: |  1  2  3  4  5  6 |
---------------+-------------------+-----
Stealth        | 6 7 8 9 |  9.7
Throwing       | 2 3 4 |  4.3
Fighting       | 2 3 |  3.5
Dodging        | 2 3 |  3.8
Short Blades   | |  2.1

Action                   |  1- 3 |  4- 6 |  7- 9 || total
-------------------------+-------+-------+-------++-------
Melee: Dagger            |    96 |   110 |   143 ||   349
       Bite              |     9 |    11 |    15 ||    35
 Fire: Blowgun           |       |    36 |    11 ||    47
       Hunting sling     |       |     5 |       ||     5
 Abil: End Transformatio |       |     1 |       ||     1
       Bat Form          |       |     1 |       ||     1
  Use: Potion            |     6 |     9 |     4 ||    19
       Scroll            |       |     4 |       ||     4
 Stab: Sleeping          |    18 |     5 |    10 ||    33
       Distracted        |       |     2 |       ||     2
Armor: Robe              |    21 |    11 |    50 ||    82
Dodge: Dodged            |    88 |    64 |   149 ||   301

Table legend:
 A = Spawn XP
 B = Non-spawn XP
 C = Spawn XP percentage of total XP
 D = Spawn monster count
 E = Non-spawn monster count
 F = Spawn count percentage of total count
 G = Total turns spent on level
                    A         B        C        D         E        F      G
               +---------+---------+-------+---------+---------+-------+---------
         Total |       0 |    1170 |   0.0 |       0 |     108 |   0.0 |  7884
               +---------+---------+-------+---------+---------+-------+---------
           D:1 |       0 |      41 |   0.0 |       0 |      23 |   0.0 |  1472
           D:2 |       0 |      65 |   0.0 |       0 |      23 |   0.0 |   998
           D:3 |       0 |     196 |   0.0 |       0 |      17 |   0.0 |  3395
           D:4 |       0 |     720 |   0.0 |       0 |      38 |   0.0 |  1885
           D:5 |       0 |     148 |   0.0 |       0 |       7 |   0.0 |   134
               +---------+---------+-------+---------+---------+-------+---------
